 Dungeon Crawl Stone Soup version 0.27-a0-1049-g450f9b2e0d (webtiles) character file.

Game seed: 217173774425979904

38 kae the Ruffian (level 3, -4/28 HPs)
             Began as a Demigod Transmuter on Apr 20, 2021.
             Slain by a goblin
             ... wielding a +0 dagger
             ... led by Robin
              (6 damage)
             ... on level 3 of the Dungeon.
             The game lasted 00:01:02 (2294 turns).

kae the Ruffian (Demigod Transmuter)                Turns: 2294, Time: 00:01:02

Health: -4/28      AC:  3    Str: 15    XL:     3   Next: 10%
Magic:  8/8        EV: 12    Int: 15    God:
Gold:   108        SH:  0    Dex: 14    Spells: 5/6 levels left

rFire    . . .     SeeInvis .     - Unarmed
rCold    . . .     Faith    .   (no shield)
rNeg     . . .     Spirit   .   a - +1 robe
rPois    .         Reflect  .   (helmet currently unavailable)
rElec    .         Harm     .   (no cloak)
rCorr    .         Rampage  .   (no gloves)
Will     .....                  (boots currently unavailable)
Stlth    +.........             (no amulet)
HPRegen  0.09/turn              (no ring)
MPRegen  0.11/turn              (no ring)

@: appendages (expiring)
A: horns 2, talons 2, high mp 1, forlorn
a: End Transformation


You were on level 3 of the Dungeon.
You had temporarily grown beastly horns and talons.
You visited 1 branch of the dungeon, and saw 3 of its levels.

You collected 108 gold pieces.

Inventory:

Armour
 a - a +1 robe (worn)
Scrolls
 e - 2 scrolls of identify
Potions
 b - 2 potions of magic
 c - a potion of flight
 f - a potion of brilliance


   Skills:
 + Level 1.2 Fighting
 + Level 2.0 Dodging
 * Level 3.1 Unarmed Combat
 + Level 2.0 Spellcasting
 * Level 2.4 Transmutations


You had 5 spell levels left.
You knew the following spells:

 Your Spells              Type           Power      Damage    Failure   Level
a - Beastly Appendage     Tmut           16%        N/A       9%          1

Your spell library contained the following spells:

 Spells                   Type           Power      Damage    Failure   Level
 Wereblood                Tmut           8%         N/A       12%         2
 Call Imp                 Summ           1%         N/A       32%         2
 Spider Form              Tmut/Pois      2%         N/A       38%         3
 Conjure Flame            Conj/Fire      1%         6-21      54%         3
 Summon Guardian Golem    Hex/Summ       1%         N/A       54%         3
 Ice Form                 Ice/Tmut       5%         N/A       80%         4
 Summon Ice Beast         Ice/Summ       1%         N/A       91%         4
 Hydra Form               Tmut           4%         N/A       92%         5
 Ignition                 Fire           0%         3d3       100%        8


Dungeon Overview and Level Annotations

Branches:
Dungeon (3/15)

Shops:
D:1 [


Innate Abilities, Weirdness & Mutations

You have temporarily grown beastly horns and talons.
Your attributes grow dramatically as you level up.
You have an increased reservoir of magic. (+10% MP)
You shall have no god before yourself.


Message History

You hit Robin but do no damage. Your kick misses Robin.
Robin is severely wounded.
Your transformation is almost over.
The goblin hits you but does no damage.
You hit Robin but do no damage. You claw Robin, but do no damage.
Robin is severely wounded.
The goblin barely misses you.
You hit Robin. Your kick misses Robin.
Robin is severely wounded.
Robin hits you with a +0 whip! The goblin hits you but does no damage.
You closely miss Robin.
Robin is severely wounded.
The goblin barely misses you.
You hit Robin but do no damage.
Robin is severely wounded.
The goblin completely misses you.
You hit Robin. You claw Robin, but do no damage.
Robin is almost dead.
Robin hits you with a +0 whip. The goblin hits you with a +0 dagger.
* * * LOW HITPOINT WARNING * * *
You hit Robin.
You kill Robin!
The goblin hits you with a +0 dagger.
* * * LOW HITPOINT WARNING * * *
Your Spellcasting skill increases to level 2!
You have reached level 3!
Your experience leads to a dramatic increase in your attributes!
Increase (S)trength, (I)ntelligence, or (D)exterity?
You feel stronger. x4
You feel better. The goblin hits you with a +0 club.
The goblin hits you with a +0 dagger.
* * * LOW HITPOINT WARNING * * *
Okay, then.
You closely miss the goblin. The goblin hits you with a +0 club.
* * * LOW HITPOINT WARNING * * *
The goblin misses you.
You closely miss the goblin. The goblin hits you with a +0 club.
* * * LOW HITPOINT WARNING * * *
The goblin hits you with a +0 dagger.
You die...

#.# #.# ######### #.#####.#
#........
#.......###########.#######
#.#.##.#......)......######
.#.##.#.##########..##....
........# #..#...##
##..###g####### #........
#.. #gg@g...# #..#...## #.
#g#####.####..##.### #.
...# ..(......(. #.#.#
####.#..### ...#.# #....#
... #.# #.#.## #..# ###
..(#. ##. ### #. ..


You could see a hobgoblin (strong) and 4 goblins.

Vanquished Creatures
  Robin (D:3)
  2 endoplasms
  2 goblins
  9 hobgoblins
  3 kobolds
  2 quokkas (D:1)
  3 ball pythons
  A frilled lizard (D:2)
23 creatures vanquished.

Notes
Turn   | Place    | Note
-------+----------+-------------------------------------------
     0 | D:1      | kae the Demigod Transmuter began the quest for the Orb.
     0 | D:1      | Reached XP level 1. HP: 15/15 MP: 5/5
   414 | D:1      | You fall into a shaft and drop 1 floor!
   526 | D:1      | Found Delash's Antique Armour Emporium.
   556 | D:1      | Reached skill level 1 in Fighting
  1093 | D:1      | Reached XP level 2. HP: 20/23 MP: 5/7
  1337 | D:2      | Identified Coshuteh's Tome of the Creative Arsonist
  1754 | D:2      | Reached skill level 3 in Unarmed Combat
  2276 | D:3      | Noticed Robin
  2291 | D:3      | Killed Robin
  2292 | D:3      | Reached XP level 3. HP: 3/28 MP: 8/8
  2294 | D:3      | Slain by a goblin

Illustrated notes

Levels and vault maps discovered:
D:1:      dpeg_arrival_stone_temple_mockup, layout_basic, serial_shops,
          nicolae_shop_overgrown_old_shop
D:2:      layout_basic, skrybe_limestone_x
D:3:      layout_loops_ring, old_standard_altar, basic_ecumenical_altar,
          kennysheep_generic_room_12, uniq_robin

Skill      XL: |  1  2 |
---------------+-------+-----
Fighting       | 1 |  1.2
Transmutations | 2 |  2.4
Unarmed Combat | 3 |  3.1
Dodging        | 2 |  2.0
Spellcasting   | 2 |  2.0

Action                   || total
-------------------------++-------
Melee: Unarmed           ||    65
       Kick              ||    15
       Headbutt          ||     8
       Punch             ||     2
 Cast: Beastly Appendage ||    17
  Use: Scroll            ||     7
       Potion            ||     1
Armor: Robe              ||    12
Dodge: Dodged            ||    33

Table legend: (Time is in decaauts)
 A = Elapsed time spent in this place.
 B = Non-inter-level travel time spent in this place.
 C = Inter-level travel time spent in this place.
 D = Time resting spent in this place.
 E = Time spent auto-exploring this place.
 F = Levels seen in this place.
 G = Mean time per level.
                   A        B        C        D        E       F      G
               +--------+--------+--------+--------+--------+-----+--------+
         Total |   2290 |   2228 |     62 |    214 |   1838 |   3 |  763.3 |
       Dungeon |   2290 |   2228 |     62 |    214 |   1838 |   3 |  763.3 |
               +--------+--------+--------+--------+--------+-----+--------+

Top non-repeatable levels by time:
     D:1: 1208 daAuts
     D:2: 926 daAuts
     D:3: 156 daAuts
